 Dungeon Crawl Stone Soup version 0.21.1-1-g345015f (webtiles) character file.

36 tdicelander the Grave Robber (level 3, 0/25 HPs)
             Began as a Human Necromancer on June 4, 2018.
             Slain by a worm (9 damage)
             ... on level 2 of the Dungeon.
             The game lasted 00:14:36 (2026 turns).

tdicelander the Grave Robber (Human Necromancer)    Turns: 2026, Time: 00:14:37

Health: 0/25       AC:  3    Str:  8    XL:     3   Next: 57%
Magic:  6/6        EV: 12    Int: 13    God:
Gold:   45         SH:  0    Dex: 13    Spells: 5/6 levels left

rFire    . . .     SeeInvis .   f - +1 club
rCold    . . .     Gourm    .   (no shield)
rNeg     . . .     Faith    .   g - +0 leather armour
rPois    .         Spirit   .   (no helmet)
rElec    .         Reflect  .   (no cloak)
rCorr    .         Harm     .   (no gloves)
MR       .....                  (no boots)
Stlth    +++.......             u - amulet of magic regeneration
HPRegen  0.08/turn              q - ring of stealth
MPRegen  0.35/turn              w - -3 ring of intelligence (curse)

@: no status effects
A: no striking features
a: no special abilities


You were on level 2 of the Dungeon.
You were hungry.

You visited 1 branch of the dungeon, and saw 2 of its levels.

You collected 45 gold pieces.

Inventory:

Hand Weapons
 e - a +0 club
 f - a +1 club (weapon)
 h - a +0 dagger
 m - a cursed +0 whip
Missiles
 i - 15 stones (quivered)
 p - 18 bolts
 s - 35 arrows
Armour
 a - a +0 robe
 g - a +0 leather armour (worn)
 l - a +0 robe
 t - a +0 leather armour
Jewellery
 n - an uncursed amulet of guardian spirit
 q - a ring of stealth (left hand)
 u - an amulet of magic regeneration (around neck)
 w - a cursed -3 ring of intelligence (right hand)
Scrolls
 j - a scroll of immolation
 v - a scroll of teleportation
Potions
 d - a potion of berserk rage {unknown}
 k - a potion of might {unknown}
 o - a potion of brilliance {unknown}
 r - a potion of flight {unknown}
 x - a potion of cancellation {unknown}
Books
 b - a book of Necromancy

   Spells                             Type                      Level
   a - Pain                           Necromancy                   1
   b - Animate Skeleton               Necromancy                   1
   c - Vampiric Draining              Necromancy                   3
   d - Regeneration                   Charms/Necromancy            3
   e - Animate Dead                   Necromancy                   4
   f - Borgnjor's Vile Clutch         Necromancy/Earth             5
Comestibles
 c - 4 rations


   Skills:
 + Level 0.6 Fighting
 + Level 0.5 Maces & Flails
 + Level 0.8 Armour
 + Level 2.0 Dodging
 + Level 2.0 Stealth
 + Level 2.3 Spellcasting
 + Level 4.5 Necromancy


You had 5 spell levels left.
You knew the following spells:

 Your Spells              Type           Power        Failure   Level  Hunger
a - Pain                  Necr           ##..         5%          1    #......


Dungeon Overview and Level Annotations

Branches:
Dungeon (2/15)

Altars:


Message History

Press: ? - help, Shift-Dir - straight line, f - worm
Aim: a worm (chance to defeat MR: 77%)
The worm writhes in agony!
Casting: Pain
Confirm with . or Enter, or press ? or * to list all spells.
Aiming: Pain
Press: ? - help, Shift-Dir - straight line, f/p - worm
Aim: a worm (chance to defeat MR: 77%)
The worm writhes in agony!
Casting: Pain
Confirm with . or Enter, or press ? or * to list all spells.
Aiming: Pain
Press: ? - help, Shift-Dir - straight line, f/p - worm
Aim: a worm (chance to defeat MR: 77%)
The worm barely resists.
The worm bites you! The worm bites you. The worm bites you but does no damage.
The worm bites you!
You die...

#.# #8...8# #.# #.#
#.# ##### ##.## #...#
##...###.###
#.....#....##### ##
##...##.w####.<. .
.######.###@w# #..#.#
.............####..#.#
#######>###.##....w..
#+# #.##.##..#
#.##.##..#####.
#...w..........
.......###.##.#######
....... #.#...#
....†.. ........


You could see 2 worms.

Vanquished Creatures
  An adder (D:2)
  2 dart slugs
  3 bats
  2 goblins (D:1)
  4 hobgoblins (D:1)
  4 frilled lizards (D:1)
  5 kobolds (D:1)
  3 rats (D:1)
24 creatures vanquished.

Notes
Turn   | Place    | Note
-------+----------+-------------------------------------------
     0 | D:1      | tdicelander the Human Necromancer began the quest for the Orb.
     0 | D:1      | Reached XP level 1. HP: 13/13 MP: 3/3
   414 | D:1      | Reached XP level 2. HP: 10/20 MP: 0/5
  1434 | D:1      | Reached XP level 3. HP: 25/25 MP: 3/6
  2026 | D:2      | Slain by a worm

Action                   || total
-------------------------++-------
Melee: Unarmed           ||     8
       Club              ||    10
Throw: Stone             ||     3
 Cast: Pain              ||    42
  Use: Scroll            ||     4
  Eat: Ration            ||     1
Armor: Robe              ||     1
       Leather armour    ||     5
Dodge: Dodged            ||    19
